 Dungeon Crawl Stone Soup version 0.30.1-11-g7821555f0a (webtiles) character file.

Game seed: 3298690218448581730

2400 lonewolfV2 the Fighter (level 9, -3/82 HPs)
             Began as a Minotaur Fighter on Nov 14, 2023.
             Was a Believer of Qazlal.
             Slain by an ogre
             ... wielding a +0 giant spiked club
              (26 damage)
             ... on level 6 of the Dungeon.
             The game lasted 00:08:36 (6540 turns).

lonewolfV2 the Fighter (Minotaur Fighter)           Turns: 6540, Time: 00:08:36

Health: -3/82      AC: 11    Str: 23    XL:     9   Next: 23%
Magic:  13/13      EV:  8    Int:  5    God:    Qazlal [**....]
Gold:   314        SH:  9    Dex: 12    Spells: 8/8 levels left

rFire   . . .        a - +0 war axe
rCold   . . .        c - +0 buckler
rNeg    . . .        j - +1 chain mail
rPois   .            (helmet restricted)
rElec   .            (no cloak)
rCorr   +            (no gloves)
SInv    .            (no boots)
Will    .....        (no amulet) Stlth
                     l - ring of resist corrosion
HPRegen 0.33/turn    (no ring)
MPRegen 0.13/turn

%: no passive effects
@: no status effects
A: horns 2, retaliatory headbutt
a: Renounce Religion, Upheaval


You were on level 6 of the Dungeon.
You worshipped Qazlal.
Qazlal was pleased with you.
You visited 2 branches of the dungeon, and saw 7 of its levels.
You also visited: Sewer.

You collected 314 gold pieces.

Inventory:

Hand Weapons
 a - a +0 war axe (weapon)
Armour
 b - a +0 scale mail
 c - a +0 buckler (worn)
 j - a +1 chain mail (worn)
Jewellery
 g - a ring of fire
 i - an amulet of magic regeneration
 l - a ring of resist corrosion (left hand)
 o - an amulet of regeneration
Wands
 q - a wand of flame (4)
 x - a wand of polymorph (9)
Scrolls
 h - 4 scrolls of teleportation
 k - a scroll of magic mapping
 n - 3 scrolls of enchant armour
 w - a scroll of identify
Potions
 d - 2 potions of might
 e - 3 potions of brilliance
 f - a potion of heal wounds
 m - a potion of lignification
 p - 2 potions of cancellation
 r - a potion of ambrosia
 s - 3 potions of invisibility
 t - 2 potions of mutation {unknown}
 u - a potion of magic
 v - a potion of haste {unknown}


   Skills:
 - Level 8.8 Fighting
 - Level 2.4 Axes
 - Level 8.0 Armour
 * Level 6.1 Shields
 * Level 7.5 Invocations


You had 8 spell levels left.
You didn't know any spells.
Your spell library contained the following spells:

 Spells                   Type           Power      Damage    Failure   Level
 Necrotise                Necr           0%         1d4       97%         1
 Sublimation of Blood     Necr           0%         N/A       99%         2
 Wereblood                Tmut           0%         N/A       99%         2
 Vampiric Draining        Necr           0%         2d6       100%        3
 Agony                    Necr           0%         N/A       100%        5
 Summon Hydra             Summ           0%         N/A       100%        7


Dungeon Overview and Level Annotations

Branches:
Dungeon (6/15)             Temple (1/1) D:4           Sewer (visited)

Altars:
Cheibriados
Dithmenos
Elyvilon
Gozag
Kikubaaqudgha
Makhleb
Nemelex Xobeh
Okawaru
Qazlal
Sif Muna
Vehumet
Yredelemnul
Zin
The Shining One


Innate Abilities, Weirdness & Mutations

You have a pair of horns on your head.
You reflexively headbutt those who attack you in melee.


Message History

You block the bullfrog's attack.
You see here an iguana corpse.
You slash the bullfrog! Your headbutt misses the bullfrog.
The bullfrog is severely wounded.
You hit the sleepcap. You hit the ogre. You block the bullfrog's attack.
You block the sleepcap's attack.
The ogre hits you with a +0 giant spiked club!!
The bullfrog hits you but does no damage.
The sleepcap releases spores at you but does no damage.
You hit the bullfrog.
The bullfrog is almost dead.
You slash the ogre! You hit the sleepcap. The bullfrog barely misses you.
You furiously retaliate!
You headbutt the bullfrog!
You kill the bullfrog!
Qazlal accepts your kill. The sleepcap releases spores at you.
The ogre hits you with a +0 giant spiked club!!
* * * LOW HITPOINT WARNING * * *
Your Shields skill increases to level 6!
You feel much better. You block the jelly's attack.
The sleepcap barely misses you.
You slash the jelly!
Your hands burn!
The jelly is heavily wounded.
You hit the sleepcap but do no damage. You closely miss the ogre.
The ogre hits you but does no damage. The jelly hits you but does no damage.
You block the sleepcap's attack.
You hit the jelly.
Your hands burn!
The jelly is severely wounded.
You hit the sleepcap but do no damage. You hit the ogre but do no damage.
The ogre hits you with a +0 giant spiked club!
* * * LOW HITPOINT WARNING * * *
The sleepcap releases spores at you but does no damage.
The jelly barely misses you. x2; The sleepcap misses you.
You furiously retaliate!
You headbutt the sleepcap! You slash the jelly!
You kill the jelly!
Qazlal accepts your kill.
You barely miss the ogre. You hit the sleepcap.
The ogre hits you with a +0 giant spiked club!!
You die...

# ###.#........# ####.#
####.....######.### #.##
....######## ###.# #..#### #####
...# #.##########....# #..#
#.#.............# # #..#
#.#.~~~≈~.~~~~..# ##
#.$##.#.~≈≈≈~.~≈≈~..# .####
#.O#.#.~≈≈≈~.~≈≈~.## .<..#
#.@...≈~~≈~.≈≈≈~.# .####
#.f#.........~≈~~.# ....#
#..####.~~~~.......# ....# #..#
#..~~~~.≈~~~~.# ....# #..#
##..~~≈~.~~≈≈~.# ....# ...#
#...~≈≈≈.~≈≈≈≈.#
....##############..~≈≈~.~~~~~.#
...............................#
......#.#.#.#.#..#.....#####.###


You could see an ogre and a sleepcap.

Vanquished Creatures
  Duvessa (D:5)
  2 water moccasins
  A sky beast (D:6)
  A black bear (D:6)
  An ogre (D:4)
  3 kobold brigands
  A necrophage (D:6)
  A bullfrog (D:6)
  4 scorpions
  3 wights (D:6)
  Dowan (D:5)
  An electric eel (D:6)
  4 hounds (D:5)
  5 jellies
  An orc priest (D:5)
  2 gnoll boudas
  5 iguanas
  7 orc wizards
  A hound skeleton (D:6)
  9 gnolls
  14 adders
  A shadow imp (D:4)
  A white imp (D:6)
  3 ufetubi
  5 worms
  2 dart slugs
  10 orcs
  6 ball pythons
  12 endoplasms
  6 giant cockroaches
  5 goblins
  7 hobgoblins
  10 jackals
  14 kobolds
  5 quokkas
  7 bats
  2 frilled lizards
  6 rats
170 creatures vanquished.

Notes
Turn   | Place    | Note
-------+----------+-------------------------------------------
     0 | D:1      | lonewolfV2 the Minotaur Fighter began the quest for the
                  | Orb.
     0 | D:1      | Reached XP level 1. HP: 19/19 MP: 0/0
   144 | D:1      | Reached XP level 2. HP: 28/28 MP: 1/1
   575 | D:1      | Reached skill level 5 in Fighting
   846 | D:2      | Reached XP level 3. HP: 36/36 MP: 2/2
  1400 | D:3      | Reached XP level 4. HP: 44/44 MP: 3/3
  1750 | D:3      | Identified the +3 leather armour of the Cockroach {Int+6}
  2328 | D:4      | Noticed a kobold brigand
  2339 | D:4      | Killed a kobold brigand
  2340 | D:4      | Reached XP level 5. HP: 25/52 MP: 4/4
  2687 | D:4      | Reached XP level 6. HP: 56/61 MP: 5/5
  2949 | D:4      | Found a staircase to the Ecumenical Temple.
  2981 | Temple   | Entered the Ecumenical Temple
  3026 | Temple   | Became a worshipper of Qazlal Stormbringer
  3109 | D:4      | Noticed a water moccasin
  3113 | D:4      | Killed a water moccasin
  3163 | D:4      | Reached skill level 5 in Armour
  3165 | D:4      | Reached XP level 7. HP: 28/69 MP: 6/6
  3572 | D:4      | Reached skill level 1 in Invocations
  3576 | D:4      | Reached * piety under Qazlal
  3578 | D:4      | HP: 3/69 [gnoll/+0 spear[a gnoll bouda] (2)]
  3953 | D:4      | Found a shimmering blue altar of Sif Muna.
  4054 | D:5      | Entered Level 5 of the Dungeon
  4059 | D:5      | Noticed Duvessa
  4300 | D:5      | Killed Duvessa
  4329 | D:5      | Noticed Dowan
  4655 | D:5      | Killed Dowan
  4656 | D:5      | Reached XP level 8. HP: 74/77 MP: 9/9
  4716 | D:5      | Reached skill level 5 in Invocations
  4953 | D:5      | Found an iron altar of Okawaru.
  5047 | D:5      | Found a radiant altar of Vehumet.
  5273 | D:6      | Found a glowing drain.
  5277 | D:6      | Reached ** piety under Qazlal
  5288 | Sewer    | Entered a sewer
  6021 | D:6      | Reached skill level 5 in Shields
  6021 | D:6      | Reached XP level 9. HP: 60/82 MP: 13/13
  6164 | D:6      | Found a burning altar of Makhleb.
  6540 | D:6      | Slain by an ogre

Illustrated notes

Levels and vault maps discovered:
D:1:      minmay_arrival_split_and_join, layout_basic
D:2:      layout_rooms, serial_corexii_hall, corexii_hall_statues_i,
          chequers_hall_statues_y
D:3:      minmay_door_path, layout_loops_ring
D:4:      minmay_wonky_spiral, layout_basic, marbit_many_paths,
          minmay_temple_entry_statues_fountains, minmay_circle_x
D:5:      layout_rooms, amcnicky_altar_gilded, fiery_altar_vehumet,
          hangedman_abyss_or_decor_lesser_grid, uniq_duvessa
D:6:      minmay_diamond_boxcup, layout_rooms, makhleb_blood_cavern_becter,
          portal_sewer_entry_d, minivault_14
Temple:   nicolae_temple_bog_church

Skill      XL: |  1  2  3  4  5  6  7  8  9 |
---------------+----------------------------+-----
Fighting       | 4 5 7 8 |  8.8
Armour         | 5 6 8 |  8.0
Invocations    | 3 6 7 |  7.5
Shields        | 5 6 |  6.1
Axes           | |  2.4

Action                     |  1- 3 |  4- 6 |  7- 9 || total
---------------------------+-------+-------+-------++-------
  Melee: War axe           |    66 |   121 |   210 ||   397
         Headbutt          |    10 |    16 |    33 ||    59
  Evoke: Wand              |       |       |     4 ||     4
    Use: Scroll            |     7 |     3 |     5 ||    15
         Potion            |       |       |     4 ||     4
 Armour: Scale mail        |    27 |       |       ||    27
         Chain mail        |    38 |   114 |   145 ||   297
  Dodge: Dodged            |    36 |    49 |   123 ||   208
  Block: Buckler           |    18 |    36 |    98 ||   152
